 Dungeon Crawl Stone Soup version 0.17-a0-945-g601bd79 (webtiles) character file.

1031588 ololoev the Formicid Aeon (level 27, -15/238 HPs)
             Began as a Formicid Arcane Marksman on May 5, 2015.
             Was the Champion of Cheibriados.
             Killed from afar by a pearl dragon (18 damage)
             ... with a blast of cleansing flame
             ... on level 19 of a ziggurat on May 6, 2015.
             The game lasted 07:17:50 (89003 turns).

ololoev the Formicid Aeon (FoAM)                   Turns: 89003, Time: 07:17:50

Health: -15/238    AC: 40    Str: 47    XL:     27
Magic:  25/68      EV: 34    Int: 60    God:    Cheibriados [******]
Gold:   6698       SH: 21    Dex: 27    Spells: 13 memorised, 6 levels left

rFire  + + +     SeeInvis +     M - +9 lajatang (vamp)
rCold  + . .     Clarity  .     j - +12 chain mail "Ulonathripn" {rF++ Str+4}
rNeg   + . .     SustAb   .     b - +3 shield of Vehumet {MR+ Str+4 Int+4}
rPois  +         Gourm    .     (helmet unavailable)
rElec  +         Spirit   .     G - +1 cloak of Zaagguet {rPois Int+4 Dex+3}
rCorr  .         Warding  +     Q - +4 pair of gloves of Anaesthesia {rElec Int+4}
rMut   .         Stasis   +     u - +0 pair of boots of Keosonei {rC+}
MR     +++..                    K - macabre finger necklace {Ward rN+}
Stlth  ++........               N - ring of Kurgh {rPois MP+9 Str+3 Int+3}
                                J - ring "Igaykhaa" {rPois rF++ MP+9 Int+3}
                                c - ring of the Turtle {Wiz Int+4 Dex+3}

@: glowing, repel missiles, very slow, extremely resistant to hostile
enchantments, unstealthy
A: permanent stasis, dig shafts and tunnels, four strong arms, antennae 3,
talons 1, repulsion field 1, clumsy 1, fire resistance 1, poison resistance
a: Dig, Shaft Self, Bend Time, Temporal Distortion, Slouch, Step From Time,
Renounce Religion
}: 4/15 runes: serpentine, barnacled, silver, demonic


Innate Abilities, Weirdness & Mutations

You are under a permanent stasis effect.
You can dig through walls and to a lower floor.
Your four strong arms can wield two-handed weapons with a shield.
You have a pair of large antennae on your head (SInv).
You have sharp toenails.
You are surrounded by a mild repulsion field (EV +2).
You are clumsy. (Dex -2)
Your flesh is heat resistant.
Your system is resistant to poisons.

Inventory:

Hand weapons
 M - a +9 vampiric lajatang (weapon)
 U - a +1 lajatang of distortion
Missiles
 B - 9 throwing nets (quivered)
Armour
 b - the +3 shield of Vehumet (worn) {MR+ Str+4 Int+4}
   (You took it off Asterion on level 1 of the Snake Pit)

   It affects your strength (+4).
   It affects your intelligence (+4).
   It affects your resistance to hostile enchantments.
 j - the +12 chain mail "Ulonathripn" (worn) {rF++ Str+4}
   (You found it on level 5 of the Lair of Beasts)

   It affects your strength (+4).
   It greatly protects you from fire.
 u - the +0 pair of boots of Keosonei (worn) {rC+}
   (You found it on level 2 of the Depths)

   It protects you from cold.
 v - the +0 Maxwell's etheric cage {RegenMP Contam rElec MP+4}
   (You found it on level 26 of a ziggurat)

   It insulates you from electricity.
   It affects your magic capacity (+4).
   It causes magical contamination when unequipped.
 G - the +1 cloak of Zaagguet (worn) {rPois Int+4 Dex+3}
   (You acquired it on level 3 of the Depths)

   It affects your intelligence (+4).
   It affects your dexterity (+3).
   It protects you from poison.
 Q - the +4 pair of gloves of Anaesthesia (worn) {rElec Int+4}
   (You found it on level 16 of a ziggurat)

   It affects your intelligence (+4).
   It insulates you from electricity.
Jewellery
 c - the ring of the Turtle (on amulet) {Wiz Int+4 Dex+3}
   (You found it on level 24 of a ziggurat)

   [ring of wizardry]

   It improves your spell success rate.
   It affects your intelligence (+4).
   It affects your dexterity (+3).
 J - the ring "Igaykhaa" (left hand) {rPois rF++ MP+9 Int+3}
   (You found it on level 5 of the Depths)

   [ring of magical power]

   It affects your intelligence (+3).
   It greatly protects you from fire.
   It protects you from poison.
   It affects your magic capacity (+9).
 K - the macabre finger necklace (around neck) {Ward rN+}
   (You found it on level 9 of a ziggurat)

   [amulet of warding]

   It may prevent the melee attacks of summoned creatures.
   It protects you from negative energy.
 N - the ring of Kurgh (right hand) {rPois MP+9 Str+3 Int+3}
   (You found it on level 9 of a ziggurat)

   [ring of poison resistance]

   It affects your strength (+3).
   It affects your intelligence (+3).
   It protects you from poison.
   It affects your magic capacity (+9).
Magical devices
 P - a wand of heal wounds (5)
Scrolls
 h - 9 scrolls of holy word
 m - 51 scrolls of remove curse
 o - 5 scrolls of magic mapping
 s - 23 scrolls of enchant armour
 x - 17 scrolls of fog
 D - 15 scrolls of recharging
Potions
 a - 3 potions of heal wounds
 d - 23 potions of cure mutation
 p - 3 potions of might
 q - 7 potions of cancellation
 z - a potion of magic
 A - 2 potions of brilliance
 E - 4 potions of agility
 H - 19 potions of curing
 R - a potion of resistance
 T - 2 potions of experience
Miscellaneous
 f - a legendary deck of changes {the Alchemist, drawn: 2}
 i - a phial of floods
 k - a legendary deck of changes {the Elixir, drawn: 2}
 n - an ornate deck of defence {the Elixir, drawn: 3}
 r - a legendary deck of defence {the Helm, drawn: 3}
 w - an ornate deck of changes {the Elixir, drawn: 6}
 y - an ornate deck of wonders {the Alchemist, drawn: 3}
 C - an ornate deck of defence {the Blade}
 F - a legendary deck of changes {the Mercenary, drawn: 2}
 I - an ornate deck of changes {the Helm, drawn: 9}
 L - a fan of gales
 O - a legendary deck of wonders {Dowsing}
 S - a legendary deck of defence {Fortitude, drawn: 5}
Comestibles
 g - 55 royal jellies


   Skills:
 + Level 24.0 Fighting
   Level 2.2 Long Blades
   Level 17.6(18.4) Maces & Flails
 - Level 10.0(14.9) Staves
 - Level 4.3 Throwing
 + Level 25.8 Armour
 + Level 20.1 Dodging
 * Level 19.9 Stealth
 - Level 15.2 Shields
 + Level 23.8 Spellcasting
 - Level 4.5 Conjurations
 - Level 3.6 Hexes
 - Level 2.8 Charms
 + Level 18.2 Necromancy
 - Level 24.5 Translocations
 * Level 15.1 Transmutations
 O Level 27 Earth Magic
 O Level 27 Invocations
 - Level 9.8 Evocations


You had 6 spell levels left.
You knew the following spells:

 Your Spells              Type           Power        Failure   Level  Hunger
a - Corona                Hex            #######      1%          1    None
b - Repel Missiles        Chrm/Air       ######       1%          2    None
c - Apportation           Tloc           #########.   0%          1    None
d - Shatter               Erth           #########.   1%          9    None
e - Iron Shot             Conj/Erth      ########..   1%          6    None
f - Flight                Chrm/Air       ######....   1%          3    None
g - Singularity           Tloc           #########.   1%          9    None
h - Disjunction           Tloc           #########.   1%          8    None
i - Malign Gateway        Summ/Tloc      ########..   1%          7    None
j - Regeneration          Chrm/Necr      ########..   0%          3    None
k - Cigotuvi's Embrace    Necr           ########..   0%          5    None
l - Aura of Abjuration    Summ           ######....   3%          5    None
m - Necromutation         Trmt/Necr      ########..   1%          8    None


You were on level 19 of a ziggurat.
You worshipped Cheibriados.
Cheibriados was exalted by your worship.
You were completely stuffed.

You visited 9 branches of the dungeon, and saw 51 of its levels.
You visited Pandemonium 1 time, and saw 3 of its levels.
You visited 3 ziggurats (completing 1), and saw 72 of their levels.
You also visited: Ice Cave and Volcano.

You collected 12870 gold pieces.
You spent 6079 gold pieces at shops.

...............
.......................G
........................
..................A.....
..............A..D.....A
............(..§§§......
...............§A§)..)..
...............§@§§.DG.?
............A.(A..÷....A
............D...÷...÷.÷A
.................))..A..
........................
.....................)..
........................
.............AA.........
.......................

Notes
Turn   | Place    | Note
--------------------------------------------------------------
     0 | D:1      | ololoev, the Formicid Arcane Marksman, began the quest for the Orb.
     0 | D:1      | Reached XP level 1. HP: 15/15 MP: 2/2
   265 | D:1      | Reached skill level 1 in Maces & Flails
   534 | D:1      | Reached XP level 2. HP: 9/21 MP: 3/3
  1297 | D:1      | Reached XP level 3. HP: 26/26 MP: 2/4
  1478 | D:1      | Learned a level 2 spell: Slow
  1979 | D:2      | Reached XP level 4. HP: 28/32 MP: 5/5
  2415 | D:2      | Reached skill level 1 in Armour
  2582 | D:2      | Noticed Jessica
  2585 | D:2      | Killed Jessica
  2585 | D:2      | Reached XP level 5. HP: 37/37 MP: 6/6
  2963 | D:3      | Noticed Sigmund
  2978 | D:2      | Reached skill level 1 in Shields
  3074 | D:3      | Reached skill level 4 in Maces & Flails
  3607 | D:3      | Found a radiant altar of Vehumet.
  3688 | D:3      | Killed Sigmund
  3688 | D:3      | Reached XP level 6. HP: 43/43 MP: 7/7
  3775 | D:3      | Reached XP level 7. HP: 34/48 MP: 5/8
  3897 | D:3      | Reached skill level 5 in Maces & Flails
  4181 | D:3      | Found a stormy altar of Qazlal.
  4973 | D:4      | Found Issukosa's Armour Emporium.
  4976 | D:4      | Bought a +0 cloak of magic resistance for 138 gold pieces
  5349 | D:5      | Entered Level 5 of the Dungeon
  5446 | D:5      | Reached XP level 8. HP: 45/54 MP: 7/9
  5678 | D:5      | Found Xuoxap's Gadget Shop.
  5722 | D:5      | Reached skill level 6 in Maces & Flails
  6797 | D:6      | Found an opulent altar of Gozag.
  7026 | D:6      | Noticed Edmund
  7033 | D:6      | Noticed Prince Ribbit
  7095 | D:5      | Killed Edmund
  7095 | D:5      | Reached skill level 7 in Maces & Flails
  7095 | D:5      | Reached skill level 5 in Shields
  7095 | D:5      | Reached XP level 9. HP: 59/59 MP: 10/10
  7144 | D:5      | Killed Prince Ribbit
  7144 | D:5      | Reached skill level 5 in Armour
  7619 | D:6      | Found a snail-covered altar of Cheibriados.
  7619 | D:6      | Found a glowing silver altar of Zin.
  7639 | D:6      | Became a worshipper of Cheibriados the Contemplative
  7922 | D:6      | Noticed PhazeDK's ghost (experienced OpTm)
  7974 | D:5      | Reached skill level 8 in Maces & Flails
  8712 | D:7      | Acquired Cheibriados's first power
  8716 | D:7      | Gained mutation: You are dopey. (Int -2) [mutagenic meat]
  8717 | D:7      | Gained mutation: You heal slowly when monsters are visible. [mutagenic meat]
  8719 | D:7      | Gained mutation: You have sharp toenails. [mutagenic meat]
  8720 | D:7      | Gained mutation: You evolve. [mutagenic meat]
  8742 | D:7      | Found a staircase to the Ecumenical Temple.
  8803 | D:6      | Killed PhazeDK's ghost
  8803 | D:6      | Reached XP level 10. HP: 44/65 MP: 9/11
  9205 | D:7      | Reached skill level 9 in Maces & Flails
  9328 | D:7      | Found a sacrificial altar of Ru.
  9737 | D:7      | Gained mutation: Your magical capacity is low (-10% MP). [evolution]
  9810 | D:7      | Lost mutation: You are dopey. (Int -2) [potion of cure mutation]
  9810 | D:7      | Lost mutation: Your magical capacity is low (-10% MP). [potion of cure mutation]
  9810 | D:7      | Lost mutation: You heal slowly when monsters are visible. [potion of cure mutation]
  9810 | D:7      | Lost mutation: You have sharp toenails. [potion of cure mutation]
  9886 | D:7      | Found a stormy altar of Qazlal.
 10577 | D:8      | Found a staircase to the Lair.
 10765 | D:8      | Acquired Cheibriados's second power
 10771 | D:8      | Reached skill level 10 in Maces & Flails
 11108 | D:8      | Found an iron altar of Okawaru.
 11419 | D:9      | Reached skill level 1 in Invocations
 11803 | D:9      | Acquired Cheibriados's third power
 12257 | D:9      | Reached XP level 11. HP: 62/74 MP: 13/13
 12432 | D:9      | Found a bloodstained altar of Trog.
 12533 | D:10     | Entered Level 10 of the Dungeon
 12544 | D:10     | Noticed a hill giant
 12559 | D:10     | Killed a hill giant
 12800 | D:10     | Reached skill level 5 in Invocations
 12858 | D:10     | Noticed a hill giant
 12875 | D:10     | Killed a hill giant
 12875 | D:10     | Reached skill level 11 in Maces & Flails
 13055 | D:10     | Noticed a hill giant
 13061 | D:10     | Acquired Cheibriados's fourth power
 13075 | D:10     | Killed a hill giant
 13263 | D:10     | Noticed an eight-headed hydra
 13393 | D:10     | Noticed a hill giant
 13405 | D:10     | Killed a hill giant
 13786 | D:10     | Noticed a hill giant
 13802 | D:10     | Killed a hill giant
 13850 | D:10     | Reached skill level 5 in Fighting
 14432 | D:10     | Killed an eight-headed hydra
 14655 | D:11     | Found a staircase to the Orcish Mines.
 14701 | D:11     | Reached XP level 12. HP: 75/86 MP: 16/18
 14764 | D:11     | Found a frozen archway.
 14844 | IceCv    | Entered an ice cave
 14871 | IceCv    | Reached skill level 12 in Maces & Flails
 15263 | IceCv    | Reached skill level 10 in Invocations
 16150 | IceCv    | Got a jewelled plate armour
 16172 | IceCv    | Identified the +0 plate armour of Divine Intervention {Regen+ MP+9} (You found it in an ice cave)
 16810 | Orc:1    | Entered Level 1 of the Orcish Mines
 16847 | Orc:1    | Found a roughly hewn altar of Beogh.
 16975 | Orc:1    | Reached skill level 13 in Maces & Flails
 16975 | Orc:1    | Reached XP level 13. HP: 94/96 MP: 21/21
 17169 | Orc:1    | Noticed an orc warlord
 17190 | Orc:1    | Killed an orc warlord
 17561 | Orc:1    | Gained mutation: You have large cloven feet. [evolution]
 17815 | Orc:2    | Found Cakay's Jewellery Boutique.
 17870 | Orc:2    | Noticed Rupert
 17978 | Orc:2    | Killed Rupert
 18106 | Orc:2    | Found Plog's Gadget Emporium.
 18114 | Orc:2    | Bought a lamp of fire for 440 gold pieces
 18206 | Orc:2    | Found Iqan's Gadget Shoppe.
 18307 | Orc:2    | Found Izatsiarph's Food Shop.
 18382 | Orc:3    | Noticed Harold
 18403 | Orc:3    | Killed Harold
 18403 | Orc:3    | Reached skill level 1 in Evocations
 18524 | Orc:3    | Found Qaimejam's Gadget Emporium.
 18718 | Orc:3    | Found a staircase to the Elven Halls.
 18789 | Orc:3    | Found a roughly hewn altar of Beogh.
 19116 | Orc:4    | Entered Level 4 of the Orcish Mines
 19182 | Orc:4    | Found a dark tunnel.
 19252 | Volcano  | Entered a volcano
 19458 | Volcano  | Gained mutation: You are clumsy. (Dex -2) [evolution]
 19540 | Volcano  | Reached skill level 14 in Maces & Flails
 19760 | Orc:4    | Reached XP level 14. HP: 102/106 MP: 22/22
 19803 | Orc:4    | Reached skill level 10 in Shields
 19916 | Orc:4    | Found Ijopnev's Jewellery Shoppe.
 19916 | Orc:4    | Found Ryggaix's Weapon Shoppe.
 19987 | Orc:4    | Found Jynes's Book Boutique.
 19996 | Orc:4    | Found Teturu Xyntu's Weapon Boutique.
 20265 | Orc:4    | Gained mutation: Scrolls take you a little longer to read. [evolution]
 20373 | Orc:4    | Noticed an orc warlord
 20396 | Orc:4    | Killed an orc warlord
 20729 | Orc:2    | Bought a +4 rod of inaccuracy (10/10) for 1045 gold pieces
 20820 | D:12     | Noticed Maurice
 20834 | D:12     | Killed Maurice
 20918 | D:12     | Gained mutation: Your flesh is heat resistant. [potion of mutation]
 20918 | D:12     | Gained mutation: Scrolls take you longer to read. [potion of mutation]
 20918 | D:12     | Gained mutation: You are partially covered in slimy green scales (AC +2). [potion of mutation]
 21426 | D:12     | Reached skill level 10 in Armour
 21540 | D:13     | Lost mutation: You evolve. [potion of cure mutation]
 21540 | D:13     | Lost mutation: You are clumsy. (Dex -2) [potion of cure mutation]
 21540 | D:13     | Lost mutation: Your flesh is heat resistant. [potion of cure mutation]
 21540 | D:13     | Lost mutation: You have large cloven feet. [potion of cure mutation]
 21540 | D:13     | Lost mutation: Scrolls take you longer to read. [potion of cure mutation]
 21937 | D:13     | Found an iron altar of Okawaru.
 22205 | D:13     | Noticed 4thArraOfDagon's ghost (powerful HuHu)
 22241 | D:13     | Killed 4thArraOfDagon's ghost
 22241 | D:13     | Reached skill level 5 in Evocations
 22448 | D:13     | Reached skill level 15 in Maces & Flails
 22672 | D:13     | Found a snail-covered altar of Cheibriados.
 23066 | D:13     | Noticed a cyan very ugly thing
 23084 | D:13     | Reached XP level 15. HP: 7/115 MP: 2/23
 23084 | D:13     | Reached skill level 10 in Fighting
 23085 | D:13     | HP: 1/115 [cyan very ugly thing (20)]
 23096 | D:13     | Killed a cyan very ugly thing
 23254 | D:13     | Found a gate to the Vaults.
 23745 | Lair:1   | Entered Level 1 of the Lair of Beasts
 23806 | Lair:1   | Noticed Gastronok
 23819 | Lair:1   | Killed Gastronok
 26679 | Lair:4   | Got a brightly glowing silver ring
 26705 | Lair:4   | Identified the ring of Icecloviso {+Inv MR+ Str-5 Dex+2 SInv} (You found it on level 4 of the Lair of Beasts)
 26871 | Lair:4   | Found a staircase to the Snake Pit.
 26918 | Lair:4   | Found a hole to the Spider Nest.
 27547 | Lair:5   | Noticed Maud
 27573 | Lair:5   | Killed Maud
 27771 | Lair:5   | Reached skill level 16 in Maces & Flails
 28147 | Lair:5   | Reached XP level 16. HP: 59/124 MP: 2/24
 28522 | Lair:5   | Got an obsidian-encrusted chain mail
 28533 | Lair:5   | Identified the +12 chain mail "Ulonathripn" {rF++ Str+4} (You found it on level 5 of the Lair of Beasts)
 28935 | Lair:6   | Found a staircase to the Shoals.
 30424 | Lair:7   | Identified a scroll of acquirement
 30500 | Lair:7   | Found a staircase to the Slime Pits.
 30844 | Lair:8   | Entered Level 8 of the Lair of Beasts
 30844 | Lair:8   | Found a stormy altar of Qazlal.
 31078 | Lair:8   | Reached skill level 5 in Dodging
 31528 | Lair:8   | Identified the Grimoire of Bewitching Conjuration
 32148 | Lair:8   | Reached XP level 17. HP: 108/131 MP: 22/25
 33441 | D:14     | Learned a level 2 spell: Repel Missiles
 33835 | D:14     | Reached skill level 17 in Maces & Flails
 33995 | D:14     | Reached skill level 1 in Charms
 34006 | D:14     | Gained mutation: Your magical capacity is low (-10% MP). [mutagenic meat]
 34007 | D:14     | Gained mutation: You have large cloven feet. [mutagenic meat]
 34008 | D:14     | Gained mutation: Your muscles are strong. (Str +2) [mutagenic meat]
 34009 | D:14     | Gained mutation: Your spells are a little easier to cast, but a little less powerful. [mutagenic meat]
 34010 | D:14     | Gained mutation: You are resistant to hostile enchantments. [mutagenic meat]
 34011 | D:14     | Gained mutation: Your mind is acute. (Int +2) [mutagenic meat]
 34418 | D:15     | Entered Level 15 of the Dungeon
 34476 | D:15     | Lost mutation: Your magical capacity is low (-10% MP). [mutagenic meat]
 34477 | D:15     | Lost mutation: Your muscles are strong. (Str +2) [mutagenic meat]
 34478 | D:15     | Gained mutation: Armour fits poorly on your strangely shaped body. [mutagenic meat]
 34479 | D:15     | Lost mutation: Your spells are a little easier to cast, but a little less powerful. [mutagenic meat]
 34707 | D:15     | Gained mutation: You have hoof-like feet. [mutagenic meat]
 34708 | D:15     | Gained mutation: Your spells are a little easier to cast, but a little less powerful. [mutagenic meat]
 34856 | D:15     | Found a staircase to the Depths.
 35195 | D:15     | Found a white marble altar of Elyvilon.
 35790 | Elf:1    | Entered Level 1 of the Elven Halls
 36865 | Elf:1    | Reached XP level 18. HP: 141/141 MP: 26/26
 38088 | Elf:2    | Found a runed door.
 38097 | Elf:2    | Found a runed door.
 38587 | Elf:2    | Reached skill level 1 in Long Blades
 38594 | Elf:2    | Noticed Agnes
 38603 | Elf:2    | Killed Agnes
 38668 | Elf:2    | Reached skill level 1 in Staves
 39027 | Elf:3    | Entered Level 3 of the Elven Halls
 39140 | Elf:3    | Reached skill level 5 in Staves
 39434 | Elf:3    | Learned a level 1 spell: Apportation
 39834 | Elf:3    | Reached XP level 19. HP: 114/148 MP: 7/27
 39849 | Elf:3    | HP: 7/148 [ice devil[a deep elf high priest] (15)]
 40762 | Snake:1  | Entered Level 1 of the Snake Pit
 41108 | Snake:1  | Noticed Asterion
 41125 | Snake:1  | Killed Asterion
 41150 | Snake:1  | Got an encrusted shield
 41163 | Snake:1  | Identified the +3 shield of Vehumet {MR+ Str+4 Int+4} (You took it off Asterion on level 1 of the Snake Pit)
 41464 | Snake:2  | Reached skill level 10 in Staves
 41523 | Snake:2  | Noticed Kirke
 41547 | Snake:2  | Killed Kirke
 43439 | Snake:4  | Entered Level 4 of the Snake Pit
 43505 | Snake:4  | Noticed nht's ghost (mighty HOFi)
 43535 | Snake:4  | Killed nht's ghost
 43535 | Snake:4  | Reached XP level 20. HP: 123/157 MP: 20/28
 44430 | Snake:1  | Gained mutation: You expend magic power (3 MP) to strengthen your wands. [mutagenic meat]
 44693 | Snake:4  | Reached skill level 5 in Spellcasting
 44820 | Snake:3  | Lost mutation: Scrolls take you a little longer to read. [potion of mutation]
 44820 | Snake:3  | Gained mutation: You are frail (-10% HP). [potion of mutation]
 44820 | Snake:3  | Gained mutation: Your flesh is cold resistant. [potion of mutation]
 45042 | Snake:4  | Reached skill level 15 in Shields
 45238 | Snake:4  | Gained mutation: Your mind is very acute. (Int +4) [mutagenic meat]
 45240 | Snake:4  | Gained mutation: You have hooves in place of feet. [mutagenic meat]
 45244 | Snake:4  | Got a serpentine rune of Zot
 45869 | Snake:4  | Reached skill level 10 in Dodging
 45870 | Snake:4  | Reached XP level 21. HP: 121/149 MP: 8/31
 45990 | Snake:4  | Lost mutation: You are frail (-10% HP). [mutagenic meat]
 46610 | Lair:1   | Noticed Zebura's ghost (powerful TeCj)
 46615 | Lair:1   | Killed Zebura's ghost
 46888 | Orc:4    | Bought a book of the Earth for 780 gold pieces
 46898 | Orc:4    | Learned a level 9 spell: Shatter
 46905 | Orc:4    | Learned a level 6 spell: Iron Shot
 47118 | D:8      | Reached skill level 15 in Armour
 47457 | Shoals:1 | Entered Level 1 of the Shoals
 47469 | Shoals:1 | Reached skill level 1 in Earth Magic
 47489 | Shoals:1 | Reached skill level 1 in Conjurations
 48991 | Shoals:2 | Found Wutor's Armour Shop.
 49042 | Shoals:2 | Found Rashrusaps's Gadget Boutique.
 49090 | Shoals:2 | Reached skill level 5 in Earth Magic
 49139 | Shoals:2 | Found Nutudiec's Book Shoppe.
 49160 | Shoals:2 | Learned a level 3 spell: Flight
 49906 | Shoals:4 | Entered Level 4 of the Shoals
 50214 | Shoals:4 | Identified the Catalogue of Karma
 50318 | Shoals:4 | Got a steaming shield
 50329 | Shoals:4 | Identified the +2 shield of the Castellan {rElec Int+4} (You acquired it on level 4 of the Shoals)
 50341 | Shoals:4 | Noticed Ilsuiw
 50366 | Shoals:4 | Killed Ilsuiw
 50615 | Shoals:4 | Got a barnacled rune of Zot
 50757 | Shoals:4 | Reached XP level 22. HP: 173/173 MP: 35/35
 50767 | Shoals:4 | Identified the Almanac of Confrontation and the Volcanoes
 51942 | Elf:3    | Reached skill level 10 in Earth Magic
 52896 | Elf:3    | Reached skill level 10 in Spellcasting
 53097 | Elf:3    | Got a slimy ruby amulet
 53099 | Elf:3    | Identified the amulet of Xoqijec {Spirit MR+ Int+3 SInv} (You took it off a deep elf demonologist on level 3 of the Elven Halls)
 53158 | Elf:3    | Got a translucent ring mail
 53159 | Elf:3    | Identified the +1 ring mail "Maxt" {Str+5 SInv} (You found it on level 3 of the Elven Halls)
 53195 | Elf:3    | Got a smoking helmet
 53196 | Elf:3    | Identified the +0 helmet "Nepnatih" {rN+ Dex+3} (You found it on level 3 of the Elven Halls)
 53201 | Elf:3    | Identified the Tome of Confrontation and Clay
 53291 | Elf:3    | Got a fine battleaxe
 53292 | Elf:3    | Identified the +10 battleaxe of Conscience {chop, rElec Int+3} (You took it off a deep elf demonologist on level 3 of the Elven Halls)
 53669 | Vaults:1 | Entered Level 1 of the Vaults
 53938 | Vaults:1 | Found a glowing golden altar of the Shining One.
 54088 | Vaults:1 | Got an ancient shield
 54099 | Vaults:1 | Identified the +2 shield "Plog" {MP+9 Int+9} (You found it on level 1 of the Vaults)
 54355 | Vaults:1 | Gained mutation: Your muscles are strong. (Str +2) [mutagenic meat]
 54536 | Vaults:1 | Reached XP level 23. HP: 179/179 MP: 38/38
 54652 | Vaults:1 | Noticed Aizul
 54656 | Vaults:1 | Killed Aizul
 54684 | Vaults:1 | Gained mutation: Scrolls take you a little longer to read. [mutagenic meat]
 54740 | Vaults:1 | Gained mutation: You are agile. (Dex +2) [mutagenic meat]
 54741 | Vaults:1 | Gained mutation: You possess an exceptional clarity of mind. [mutagenic meat]
 54743 | Vaults:1 | Lost mutation: Scrolls take you a little longer to read. [mutagenic meat]
 55579 | Vaults:2 | Reached skill level 15 in Earth Magic
 55936 | Vaults:2 | Found a staircase to the Crypt.
 56132 | Vaults:2 | Lost mutation: Your mind is very acute. (Int +4) [mutagenic meat]
 56133 | Vaults:2 | Lost mutation: You are resistant to hostile enchantments. [mutagenic meat]
 56216 | Vaults:2 | Gained mutation: You heal slowly when monsters are visible. [mutagenic meat]
 56915 | Vaults:3 | Gained mutation: You occasionally shout uncontrollably at your foes. [mutagenic meat]
 57204 | Vaults:3 | Reached XP level 24. HP: 185/187 MP: 40/40
 57301 | Vaults:3 | Reached skill level 18 in Earth Magic
 57560 | Vaults:3 | Found Gozag's Assorted Antiques.
 57569 | Vaults:3 | Found an opulent altar of Gozag.
 57574 | Vaults:3 | Found Gozag's Antique Armour Shop.
 57595 | Vaults:3 | Found Gozag's Antique Weapon Boutique.
 57616 | Vaults:3 | Lost mutation: Your mind is acute. (Int +2) [mutagenic meat]
 57792 | Vaults:3 | Lost mutation: You heal slowly when monsters are visible. [mutagenic meat]
 57793 | Vaults:3 | Gained mutation: You sometimes yell uncontrollably at your foes. [mutagenic meat]
 58545 | Vaults:4 | Reached skill level 19 in Earth Magic
 58558 | Vaults:4 | Lost mutation: Your spells are a little easier to cast, but a little less powerful. [mutagenic meat]
 58559 | Vaults:4 | Gained mutation: You are resistant to electric shocks. [mutagenic meat]
 58566 | Vaults:4 | Lost mutation: You are agile. (Dex +2) [mutagenic meat]
 58568 | Vaults:4 | Lost mutation: You sometimes yell uncontrollably at your foes. [mutagenic meat]
 58791 | Vaults:4 | Lost mutation: You are resistant to electric shocks. [mutagenic meat]
 58793 | Vaults:4 | Lost mutation: Your muscles are strong. (Str +2) [mutagenic meat]
 59081 | Vaults:4 | Reached skill level 20 in Earth Magic
 59081 | Vaults:4 | Reached XP level 25. HP: 24/193 MP: 41/41
 59674 | Vaults:4 | Gained mutation: Your mind is acute. (Int +2) [mutagenic meat]
 59676 | Vaults:4 | Lost mutation: Armour fits poorly on your strangely shaped body. [mutagenic meat]
 60380 | Vaults:5 | Entered Level 5 of the Vaults
 60387 | Vaults:5 | Reached skill level 21 in Earth Magic
 60543 | Vaults:5 | Reached skill level 15 in Spellcasting
 60879 | Vaults:4 | Reached skill level 22 in Earth Magic
 61456 | Vaults:5 | Reached XP level 26. HP: 200/200 MP: 42/42
 61837 | Vaults:5 | Found Duliq's Distillery.
 61846 | Vaults:5 | Bought a potion of heal wounds for 55 gold pieces
 61846 | Vaults:5 | Bought a potion of heal wounds for 55 gold pieces
 61846 | Vaults:5 | Bought a potion of brilliance for 44 gold pieces
 61846 | Vaults:5 | Bought a potion of might for 44 gold pieces
 61846 | Vaults:5 | Bought a potion of curing for 33 gold pieces
 61846 | Vaults:5 | Bought a potion of curing for 33 gold pieces
 61849 | Vaults:5 | Got a silver rune of Zot
 61996 | Vaults:5 | Noticed an ancient lich
 62002 | Vaults:5 | Killed an ancient lich
 62046 | Vaults:5 | Reached skill level 23 in Earth Magic
 62514 | Vaults:5 | Identified the Compendium of Hexes
 62745 | Vaults:4 | Gained mutation: Your flesh is heat resistant. [mutagenic meat]
 63160 | Depths:1 | Entered Level 1 of the Depths
 63476 | Depths:1 | Found a gateway to Hell.
 63697 | Depths:1 | Found a one-way gate leading to the halls of Pandemonium.
 63912 | Depths:1 | Reached skill level 24 in Earth Magic
 64609 | Depths:1 | Reached XP level 27. HP: 206/206 MP: 43/44
 64824 | Depths:2 | Lost mutation: You have hooves in place of feet. [potion of cure mutation]
 64824 | Depths:2 | Lost mutation: Your flesh is cold resistant. [potion of cure mutation]
 64824 | Depths:2 | Lost mutation: You expend magic power (3 MP) to strengthen your wands. [potion of cure mutation]
 64824 | Depths:2 | Lost mutation: Your mind is acute. (Int +2) [potion of cure mutation]
 65173 | Orc:4    | Bought the ring of the Fifty Songs {-Tele rPois MR+ Dex+4 SInv} for 691 gold pieces
 65177 | Orc:4    | Bought the ring "Lycsaid" {+/*Tele rF- rC+ rN+ Str+2} for 526 gold pieces
 65427 | Orc:2    | Bought a legendary deck of changes for 286 gold pieces
 65497 | Orc:3    | Bought a legendary deck of defence for 364 gold pieces
 65761 | Depths:2 | Reached skill level 25 in Earth Magic
 65787 | Depths:2 | Got a pair of crude boots
 65793 | Depths:2 | Identified the cursed +0 pair of boots of Keosonei {rC+} (You found it on level 2 of the Depths)
 65842 | Depths:2 | Lost mutation: You have hoof-like feet. [helix card]
 66026 | Depths:2 | You fall through a shaft!
 66212 | Depths:3 | Found a gateway to a ziggurat.
 66368 | Depths:3 | Reached skill level 1 in Translocations
 66613 | Depths:3 | Got a translucent cloak
 66624 | Depths:3 | Identified the +1 cloak of Zaagguet {rPois Int+4 Dex+3} (You acquired it on level 3 of the Depths)
 66656 | Depths:3 | Noticed Norris
 66666 | Depths:3 | Killed Norris
 67155 | Depths:4 | Reached skill level 5 in Translocations
 67160 | Depths:4 | Found a blossoming altar of Fedhas.
 67275 | Depths:4 | Found an ancient bone altar of Kikubaaqudgha.
 67560 | Depths:4 | Found a deep blue altar of Sif Muna.
 67565 | Depths:4 | Found a one-way gate to the infinite horrors of the Abyss.
 67788 | Depths:4 | Found an opulent altar of Gozag.
 67842 | Depths:4 | Reached skill level 26 in Earth Magic
 68566 | Depths:5 | Entered Level 5 of the Depths
 68700 | Depths:5 | Reached skill level 10 in Translocations
 68758 | Depths:5 | Got a serpentine turquoise ring
 68903 | Depths:5 | Noticed Xtahua
 68938 | Depths:5 | Killed Xtahua
 68957 | Depths:5 | Found a gate to the Realm of Zot.
 69958 | Depths:2 | Got a steaming shield
 69969 | Depths:2 | Identified the -2 shield of Catatonia {Dex+3} (You found it on level 2 of the Depths)
 70011 | Depths:2 | Found an iron altar of Okawaru.
 70011 | Depths:2 | Noticed Wiglaf
 70024 | Depths:2 | Killed Wiglaf
 70048 | Depths:2 | Got a translucent shield
 70061 | Depths:2 | Identified the cursed +0 shield "Vudui" {Str+6} (You took it off Wiglaf on level 2 of the Depths)
 70940 | Crypt:1  | Entered Level 1 of the Crypt
 72582 | Crypt:3  | Entered Level 3 of the Crypt
 72589 | Crypt:3  | Found a staircase to the Tomb.
 72875 | Crypt:3  | Noticed Jory
 72894 | Crypt:3  | Killed Jory
 73967 | Crypt:3  | Reached skill level 15 in Translocations
 74199 | Crypt:3  | Identified the ring "Igaykhaa" {rPois rF++ MP+9 Int+3} (You found it on level 5 of the Depths)
 74339 | Crypt:3  | Got a faintly humming scale mail
 74340 | Crypt:3  | Identified the cursed +0 scale mail "Docoj" {rElec rC+ MP-9} (You found it on level 3 of the Crypt)
 74365 | Crypt:3  | Drew Focus: Int increased to 22, Dex decreased to 9
 75246 | Shoals:2 | Bought an Akashic Record for 1545 gold pieces
 75257 | Shoals:2 | Learned a level 9 spell: Singularity
 75266 | Shoals:2 | Learned a level 8 spell: Disjunction
 75274 | Shoals:2 | Learned a level 7 spell: Malign Gateway
 75993 | Zig:1    | Entered Level 1 of a ziggurat
 76516 | Zig:2    | Entered Level 2 of a ziggurat
 76538 | Zig:3    | Entered Level 3 of a ziggurat
 76576 | Zig:4    | Entered Level 4 of a ziggurat
 76606 | Zig:5    | Entered Level 5 of a ziggurat
 76621 | Zig:5    | Got a warped large shield
 76632 | Zig:5    | Identified the +8 large shield "Roumek" {rF+ rC+ Int-4} (You found it on level 5 of a ziggurat)
 76654 | Zig:6    | Entered Level 6 of a ziggurat
 76714 | Zig:7    | Entered Level 7 of a ziggurat
 76787 | Zig:8    | Entered Level 8 of a ziggurat
 76792 | Zig:8    | Noticed a greater mummy
 76796 | Zig:8    | Killed a greater mummy
 77159 | Zig:8    | Identified the Catalogue of the Entourage and Sinister Arts
 77269 | Zig:8    | Got a slimy scale mail
 77270 | Zig:8    | Identified the +0 scale mail of Plog {rPois rN++} (You found it on level 8 of a ziggurat)
 77297 | Zig:9    | Entered Level 9 of a ziggurat
 77530 | Zig:9    | Got a translucent platinum ring
 77532 | Zig:9    | Identified the ring of Kurgh {rPois MP+9 Str+3 Int+3} (You found it on level 9 of a ziggurat)
 77560 | Zig:10   | Entered Level 10 of a ziggurat
 77609 | Zig:10   | Identified the Grimoire of Flight
 77625 | Zig:11   | Entered Level 11 of a ziggurat
 77871 | Zig:12   | Entered Level 12 of a ziggurat
 77932 | Zig:13   | Entered Level 13 of a ziggurat
 77994 | Zig:14   | Entered Level 14 of a ziggurat
 78006 | Zig:14   | Noticed an ancient lich
 78006 | Zig:14   | Noticed an ancient lich
 78012 | Zig:14   | Killed an ancient lich
 78013 | Zig:14   | Killed an ancient lich
 78036 | Zig:14   | Got a twisted triple sword
 78037 | Zig:14   | Identified the +5 triple sword of the Thing {slice, +Inv rF++ Int+7} (You found it on level 14 of a ziggurat)
 78040 | Zig:14   | Got a bound bronze ring
 78041 | Zig:14   | Identified the cursed ring "Vaebottiunk" {Dex+4 Slay-5} (You found it on level 14 of a ziggurat)
 78217 | Zig:15   | Entered Level 15 of a ziggurat
 78246 | Zig:15   | Got a faintly glowing golden ring
 78247 | Zig:15   | Identified the ring "Bakholol" {SustAb rC+} (You found it on level 15 of a ziggurat)
 78250 | Zig:15   | Got a distressingly furry shield
 78251 | Zig:15   | Identified the cursed +0 shield "Ibbiugh" {rCorr} (You found it on level 15 of a ziggurat)
 78254 | Zig:15   | Identified the Papyrus of Bewitchment
 78258 | Zig:15   | Identified the Catalogue of Weightlessness
 78317 | Zig:16   | Entered Level 16 of a ziggurat
 78351 | Zig:16   | Got a pair of transparent gloves
 78352 | Zig:16   | Identified the +4 pair of gloves of Anaesthesia {rElec Int+4} (You found it on level 16 of a ziggurat)
 78368 | Zig:16   | Got a faintly glowing ring mail
 78369 | Zig:16   | Identified the cursed +0 ring mail of Activism {-Cast rF++ rC+ Str+4} (You found it on level 16 of a ziggurat)
 78372 | Zig:16   | Identified the Incunabulum of Dislocation
 78399 | Zig:17   | Entered Level 17 of a ziggurat
 78462 | Zig:17   | Got a transparent copper ring
 78463 | Zig:17   | Identified the ring of Birdsong {Wiz rC+ Stlth+} (You found it on level 17 of a ziggurat)
 78470 | Zig:17   | Got a transparent ivory ring
 78473 | Zig:17   | Identified the ring "Wymodu" {+Fly rC++ rN+} (You found it on level 17 of a ziggurat)
 78480 | Zig:17   | Lost mutation: You possess an exceptional clarity of mind. [potion of cure mutation]
 78480 | Zig:17   | Lost mutation: You have large cloven feet. [potion of cure mutation]
 78480 | Zig:17   | Lost mutation: You occasionally shout uncontrollably at your foes. [potion of cure mutation]
 78480 | Zig:17   | Lost mutation: Your flesh is heat resistant. [potion of cure mutation]
 78480 | Zig:17   | Lost mutation: You are partially covered in slimy green scales (AC +2). [potion of cure mutation]
 78591 | Zig:18   | Entered Level 18 of a ziggurat
 78638 | Zig:18   | Got a translucent amethyst amulet
 78642 | Zig:18   | Identified the amulet of Qaevoti {Clar Str+4} (You found it on level 18 of a ziggurat)
 78697 | Zig:19   | Entered Level 19 of a ziggurat
 78749 | Zig:19   | Got a bound marble ring
 78750 | Zig:19   | Identified the ring of Loraewn {rPois rN+ Dex-4 Stlth+} (You found it on level 19 of a ziggurat)
 78762 | Zig:19   | Learned a level 3 spell: Regeneration
 78780 | Zig:20   | Entered Level 20 of a ziggurat
 78788 | Zig:20   | Noticed an orb of fire
 78788 | Zig:20   | Gained mutation: Your spells are a little easier to cast, but a little less powerful. [an orb of fire]
 78790 | Zig:20   | Noticed an orb of fire
 78792 | Zig:20   | Gained mutation: You are clumsy. (Dex -2) [an orb of fire]
 78794 | Zig:20   | Killed an orb of fire
 78796 | Zig:20   | Noticed an orb of fire
 78796 | Zig:20   | Gained mutation: You occasionally shout uncontrollably at your foes. [an orb of fire]
 78798 | Zig:20   | Killed an orb of fire
 78800 | Zig:20   | Gained mutation: Potions and wands are less effective at restoring your health. [an orb of fire]
 78804 | Zig:20   | Killed an orb of fire
 78815 | Zig:20   | Noticed an orb of fire
 78816 | Zig:20   | Noticed an orb of fire
 78816 | Zig:20   | Lost mutation: Potions and wands are less effective at restoring your health. [an orb of fire]
 78823 | Zig:20   | Killed an orb of fire
 78827 | Zig:20   | Noticed an orb of fire
 78828 | Zig:20   | Noticed an orb of fire
 78828 | Zig:20   | Killed an orb of fire
 78836 | Zig:20   | Gained mutation: You are robust (+10% HP). [an orb of fire]
 78839 | Zig:20   | Gained mutation: You are dopey. (Int -2) [an orb of fire]
 78840 | Zig:20   | Killed an orb of fire
 78845 | Zig:20   | Killed an orb of fire
 78848 | Zig:20   | Noticed an orb of fire
 78859 | Zig:20   | Killed an orb of fire
 78869 | Zig:20   | Lost mutation: Your spells are a little easier to cast, but a little less powerful. [potion of cure mutation]
 78869 | Zig:20   | Lost mutation: You are robust (+10% HP). [potion of cure mutation]
 78869 | Zig:20   | Lost mutation: You are clumsy. (Dex -2) [potion of cure mutation]
 78870 | Zig:20   | Lost mutation: You occasionally shout uncontrollably at your foes. [potion of cure mutation]
 78870 | Zig:20   | Lost mutation: You are dopey. (Int -2) [potion of cure mutation]
 79031 | Zig:20   | Reached skill level 15 in Fighting
 79031 | Zig:20   | Reached skill level 15 in Invocations
 79034 | Zig:20   | Got a faintly glowing ring mail
 79045 | Zig:20   | Identified the +4 ring mail "Fygaha" {rCorr Int+3} (You found it on level 20 of a ziggurat)
 79058 | Zig:20   | Identified the Guide on Supportive Transformation
 79062 | Zig:20   | Identified the Catalogue of Ice
 79076 | Zig:20   | Identified the Almanac of the Barnacle
 79103 | Zig:21   | Entered Level 21 of a ziggurat
 79153 | Zig:21   | Got a shimmering ring mail
 79164 | Zig:21   | Identified the +2 ring mail of Egit {MR++ Int+4 Dex-4 Slay+5} (You found it on level 21 of a ziggurat)
 79180 | Zig:21   | Identified the Volume of Transformation and Toxins
 79202 | Zig:21   | Identified Asmodeus's Compendium of Torrid Combat Magic
 79227 | Zig:22   | Entered Level 22 of a ziggurat
 79528 | Zig:22   | Identified Mameosai's Disquisition on Enchantment
 79537 | Zig:22   | Identified the Reference Book on Flight
 79553 | Zig:22   | Identified the Grimoire of the Wheelwright
 79556 | Zig:22   | Gained mutation: You are surrounded by a mild repulsion field (EV +2). [potion of beneficial mutation]
 79559 | Zig:22   | Got a transparent golden ring
 79560 | Zig:22   | Identified the ring of Qukana {SustAb Str-2 Int+10} (You found it on level 22 of a ziggurat)
 79612 | Zig:23   | Entered Level 23 of a ziggurat
 79855 | Zig:23   | Gained mutation: Your flesh is heat resistant. [a shining eye]
 79856 | Zig:23   | Gained mutation: Your magical capacity is low (-10% MP). [a shining eye]
 80143 | Zig:23   | Got a faintly glowing granite ring
 80151 | Zig:23   | Identified the ring "Qautz" {rPois MP+9 Dex+2 Stlth+} (You found it on level 23 of a ziggurat)
 80166 | Zig:24   | Entered Level 24 of a ziggurat
 80217 | Zig:24   | Identified the Papyrus of Conjuration
 80229 | Zig:24   | Gained mutation: You have sharp toenails. [potion of beneficial mutation]
 80231 | Zig:24   | Identified the Volume of Attacks
 80382 | Zig:25   | Entered Level 25 of a ziggurat
 80486 | Zig:25   | Got a bound tin amulet
 80488 | Zig:25   | Got a translucent silver ring
 80492 | Zig:25   | Identified the amulet of Josag {Gourm rElec rC+ MP-9} (You found it on level 25 of a ziggurat)
 80496 | Zig:25   | Identified the ring "Lefogeoj" {Str+3 Int+3} (You found it on level 25 of a ziggurat)
 80542 | Zig:26   | Entered Level 26 of a ziggurat
 80560 | Zig:26   | Noticed an ancient lich
 80574 | Zig:26   | Noticed an ancient lich
 80574 | Zig:26   | Reached skill level 27 in Invocations
 80575 | Zig:26   | Killed an ancient lich
 80575 | Zig:26   | Killed an ancient lich
 81064 | Zig:26   | Got a brightly glowing bone ring
 81074 | Zig:26   | Got a flickering silver amulet
 81076 | Zig:26   | Identified the Compendium of Enchantment and Weightlessness
 81083 | Depths:3 | Upgraded the game from 0.17-a0-931-g11a8995 to 0.17-a0-945-g601bd79
 81116 | Pan      | Entered Pandemonium
 81499 | Pan      | Found a gateway to a ziggurat.
 81502 | Pan      | Identified the amulet of Xom's Sleight of Hands {rMut +Inv Dex+5} (You found it on level 26 of a ziggurat)
 81530 | Pan      | Found an exit through the horrors of the Abyss.
 81656 | Pan      | Noticed Gewer the pandemonium lord
 81665 | Pan      | Killed Gewer the pandemonium lord
 81882 | Pan      | Got a demonic rune of Zot
 81954 | Zig:1    | Entered Level 1 of a ziggurat
 81965 | Zig:2    | Entered Level 2 of a ziggurat
 82037 | Zig:3    | Entered Level 3 of a ziggurat
 82056 | Zig:3    | Identified the ring of Eraes {Wiz +Inv Str-3 Dex+3} (You found it on level 26 of a ziggurat)
 82078 | Zig:4    | Entered Level 4 of a ziggurat
 82122 | Zig:5    | Entered Level 5 of a ziggurat
 82157 | Zig:6    | Entered Level 6 of a ziggurat
 82212 | Zig:7    | Entered Level 7 of a ziggurat
 82239 | Zig:7    | Identified Aloenaf's Papyrus of Attacks and Lightness
 82254 | Zig:8    | Entered Level 8 of a ziggurat
 82287 | Zig:8    | Identified the Incunabulum of Necromancy and Venom
 82291 | Zig:9    | Entered Level 9 of a ziggurat
 82341 | Zig:9    | Got a wavering amber ring
 82365 | Zig:9    | Identified the ring "Zybruq" {rPois Int+3 Dex+4} (You found it on level 9 of a ziggurat)
 82480 | Zig:10   | Entered Level 10 of a ziggurat
 82487 | Zig:10   | Noticed a greater mummy
 82493 | Zig:10   | Killed a greater mummy
 82653 | Zig:11   | Entered Level 11 of a ziggurat
 82675 | Zig:11   | Identified Sif Muna's Tome of Shape Shifting and Stolen Souls
 82683 | Zig:11   | Learned a level 5 spell: Cigotuvi's Embrace
 82688 | Zig:11   | Got a brightly glowing marble ring
 82690 | Zig:11   | Identified the ring of Enlugeme {MR- Int+7 SInv} (You found it on level 11 of a ziggurat)
 82707 | Zig:12   | Entered Level 12 of a ziggurat
 82715 | Zig:12   | Reached skill level 1 in Necromancy
 82751 | Zig:12   | Got a shimmering bronze ring
 82753 | Zig:12   | Identified the ring of the Nightingale {Str+4 Int+4 Dex+6} (You found it on level 12 of a ziggurat)
 82761 | Zig:12   | Lost mutation: Your magical capacity is low (-10% MP). [helix card]
 82761 | Zig:12   | Gained mutation: You are partially covered in icy blue scales (AC +1). [helix card]
 82805 | Zig:13   | Entered Level 13 of a ziggurat
 82834 | Zig:13   | Got a glittering glass ring
 82836 | Zig:13   | Identified the ring of Surprise {rPois rF+ rC+ MP-9 Dex+2} (You found it on level 13 of a ziggurat)
 82841 | Zig:13   | Identified the Papyrus of Companions
 82849 | Zig:13   | Learned a level 5 spell: Aura of Abjuration
 82859 | Zig:13   | Got a heavily runed scale mail
 82870 | Zig:13   | Identified the +6 scale mail of Siabb {Str+4 Dex+3} (You found it on level 13 of a ziggurat)
 82885 | Zig:14   | Entered Level 14 of a ziggurat
 82969 | Zig:15   | Entered Level 15 of a ziggurat
 83008 | Zig:15   | Identified Fitoynupp's Almanac of Stolen Souls
 83011 | Zig:15   | Identified the Guide on Protection and Feathers
 83014 | Zig:15   | Got an ancient jade amulet
 83017 | Zig:15   | Identified the amulet "Zopovag" {Spirit rF+ Int+3 SInv} (You found it on level 15 of a ziggurat)
 83187 | Zig:16   | Entered Level 16 of a ziggurat
 83198 | Zig:16   | Noticed an ancient lich
 83206 | Zig:16   | Reached skill level 15 in Dodging
 83207 | Zig:16   | Killed an ancient lich
 83428 | Zig:16   | Identified Pakhamor's Guide on the Mountains
 83431 | Zig:16   | Got a pitted ring mail
 83442 | Zig:16   | Identified the +5 ring mail of Catatonia {rF- Int+7} (You found it on level 16 of a ziggurat)
 83459 | Zig:16   | Identified Sif Muna's Papyrus of the Rocks
 83467 | Zig:16   | Identified Murgh's Grimoire of Attacks and Heat
 83596 | Zig:17   | Entered Level 17 of a ziggurat
 83620 | Zig:17   | Reached skill level 27 in Earth Magic
 83622 | Zig:17   | Gained mutation: You are clumsy. (Dex -2) [a neqoxec]
 83658 | Zig:17   | Identified Cigotuvi's Handbook of Stolen Souls
 83816 | Zig:18   | Entered Level 18 of a ziggurat
 83833 | Zig:18   | Reached skill level 10 in Necromancy
 83869 | Zig:18   | Got a twitching bronze ring
 83871 | Zig:18   | Identified the ring "Zoeggath" {rF+ rC+ Slay+3} (You found it on level 18 of a ziggurat)
 83885 | Zig:18   | Identified the Incunabulum of Frigorific Confrontation
 83891 | Zig:18   | Got a fine amber ring
 83893 | Zig:18   | Identified the ring of Lyhaat {+Inv MR- Dex+4 SInv} (You found it on level 18 of a ziggurat)
 84190 | Zig:19   | Entered Level 19 of a ziggurat
 84262 | Zig:19   | Lost mutation: You are partially covered in icy blue scales (AC +1). [helix card]
 84262 | Zig:19   | Gained mutation: You are robust (+10% HP). [helix card]
 84269 | Zig:19   | Identified the Tome of Unholy Arts
 84272 | Zig:19   | Got a translucent platinum ring
 84274 | Zig:19   | Identified the ring "Fyom" {rElec Int+3 Dex+6} (You found it on level 19 of a ziggurat)
 84323 | Zig:20   | Entered Level 20 of a ziggurat
 84388 | Zig:20   | Identified Yssaine's Almanac of Ghastly Attacks
 84436 | Zig:21   | Entered Level 21 of a ziggurat
 84858 | Zig:21   | Got a brightly glowing lead amulet
 84861 | Zig:21   | Identified the amulet of Quinaes {Gourm rPois Str-3 Int+4} (You found it on level 21 of a ziggurat)
 84872 | Zig:21   | Identified the Compendium of Earth
 84886 | Zig:21   | Identified the Disquisition on the Birds and Conjuration
 84895 | Zig:22   | Entered Level 22 of a ziggurat
 84973 | Zig:22   | Got a flickering lead amulet
 84976 | Zig:22   | Identified the amulet "Wialarah" {Faith rN+++ MP-9 Dex+3} (You found it on level 22 of a ziggurat)
 84982 | Zig:22   | Got a heavily runed jade ring
 84983 | Zig:22   | Identified the ring "Nyecean" {Fire rElec Str+4 Slay-6 Stlth+} (You found it on level 22 of a ziggurat)
 84990 | Zig:22   | Identified Sif Muna's Papyrus of the Creative Frostbite
 85080 | Zig:23   | Entered Level 23 of a ziggurat
 85217 | Zig:23   | Drew Focus: Int increased to 23, Dex decreased to 8
 85219 | Zig:24   | Entered Level 24 of a ziggurat
 85236 | Zig:24   | Noticed an ancient lich
 85237 | Zig:24   | Noticed an ancient lich
 85237 | Zig:24   | Noticed an ancient lich
 85238 | Zig:24   | Killed an ancient lich
 85238 | Zig:24   | Killed an ancient lich
 85238 | Zig:24   | Killed an ancient lich
 85241 | Zig:24   | Noticed an ancient lich
 85241 | Zig:24   | Noticed an ancient lich
 85242 | Zig:24   | Noticed an ancient lich
 85242 | Zig:24   | Noticed an ancient lich
 85242 | Zig:24   | Killed an ancient lich
 85243 | Zig:24   | Noticed an ancient lich
 85244 | Zig:24   | Killed an ancient lich
 85244 | Zig:24   | Killed an ancient lich
 85244 | Zig:24   | Killed an ancient lich
 85245 | Zig:24   | Killed an ancient lich
 85280 | Zig:24   | Identified Toowaf's Reference Book on Enchantment
 85286 | Zig:24   | Got a pair of twisted gloves
 85297 | Zig:24   | Identified the +0 pair of gloves of Spite {Int+4} (You found it on level 24 of a ziggurat)
 85309 | Zig:24   | Got a scorched pewter ring
 85311 | Zig:24   | Identified the ring of the Turtle {Wiz Int+4 Dex+3} (You found it on level 24 of a ziggurat)
 85416 | Zig:25   | Entered Level 25 of a ziggurat
 85430 | Zig:25   | Noticed an ancient lich
 85432 | Zig:25   | Noticed an ancient lich
 85433 | Zig:25   | Noticed an ancient lich
 85434 | Zig:25   | Killed an ancient lich
 85434 | Zig:25   | Killed an ancient lich
 85435 | Zig:25   | Noticed an ancient lich
 85435 | Zig:25   | Killed an ancient lich
 85437 | Zig:25   | Noticed an ancient lich
 85440 | Zig:25   | Noticed an ancient lich
 85440 | Zig:25   | Noticed an ancient lich
 85441 | Zig:25   | Killed an ancient lich
 85442 | Zig:25   | Killed an ancient lich
 85442 | Zig:25   | Killed an ancient lich
 85442 | Zig:25   | Killed an ancient lich
 85442 | Zig:25   | Reached skill level 15 in Necromancy
 85443 | Zig:25   | Noticed an ancient lich
 85443 | Zig:25   | Noticed an ancient lich
 85444 | Zig:25   | Noticed an ancient lich
 85445 | Zig:25   | Noticed an ancient lich
 85445 | Zig:25   | Killed an ancient lich
 85447 | Zig:25   | Killed an ancient lich
 85447 | Zig:25   | Killed an ancient lich
 85447 | Zig:25   | Killed an ancient lich
 85488 | Zig:25   | Got a crude marble ring
 85490 | Zig:25   | Identified the ring "Ybralat" {Wiz rElec MP+9} (You found it on level 25 of a ziggurat)
 85503 | Zig:25   | Got a flickering lapis lazuli ring
 85505 | Zig:25   | Identified the ring "Bemuxkuqa" {SustAb rN++ Str+4 Stlth+} (You found it on level 25 of a ziggurat)
 85906 | Zig:26   | Entered Level 26 of a ziggurat
 86124 | Zig:26   | Got a scorched wooden ring
 86126 | Zig:26   | Identified the ring "Pomues" {Fire rElec} (You found it on level 26 of a ziggurat)
 86145 | Zig:26   | Identified Iskenderun's Disquisition on Conjuration
 86150 | Zig:26   | Identified Sif Muna's Handbook of Gliding Conjuration
 86207 | Zig:27   | Entered Level 27 of a ziggurat
 86225 | Zig:27   | Reached skill level 1 in Stealth
 86232 | Zig:27   | Reached skill level 5 in Stealth
 86256 | Zig:27   | Reached skill level 10 in Stealth
 86303 | Zig:27   | Identified the Incunabulum of Warped Summoning
 86315 | Zig:27   | Identified the Grimoire of the Ant
 86706 | Pan      | Found a gateway to a ziggurat.
 86748 | Zig:1    | Entered Level 1 of a ziggurat
 86761 | Zig:2    | Entered Level 2 of a ziggurat
 86910 | Zig:3    | Entered Level 3 of a ziggurat
 86991 | Zig:4    | Entered Level 4 of a ziggurat
 87010 | Zig:4    | Got a sparkling platinum ring
 87021 | Zig:4    | Learned a level 8 spell: Necromutation
 87024 | Zig:4    | Identified the ring "Olenkyum" {+cTele rN+ Stlth+} (You found it on level 4 of a ziggurat)
 87071 | Zig:5    | Entered Level 5 of a ziggurat
 87124 | Zig:6    | Entered Level 6 of a ziggurat
 87127 | Zig:6    | Reached skill level 5 in Transmutations
 87189 | Zig:7    | Entered Level 7 of a ziggurat
 87446 | Zig:7    | Got a bloodstained ring mail
 87457 | Zig:7    | Identified the +6 ring mail of Gallantry {rPois rF- Regen+ Int-2} (You found it on level 7 of a ziggurat)
 87471 | Zig:8    | Entered Level 8 of a ziggurat
 87511 | Zig:9    | Entered Level 9 of a ziggurat
 87659 | Zig:10   | Entered Level 10 of a ziggurat
 87681 | Zig:10   | Got a fine bronze ring
 87683 | Zig:10   | Identified the ring of Day {rF+ MP+9} (You found it on level 10 of a ziggurat)
 87693 | Zig:10   | Got a steaming platinum amulet
 87696 | Zig:10   | Identified the amulet of Oenomania {Ward rC+ rN+} (You found it on level 10 of a ziggurat)
 87711 | Zig:10   | Identified Cuisysi's Compendium of Excruciating Air
 87715 | Zig:10   | Got a dazzling great sword
 87716 | Zig:10   | Identified the cursed +1 great sword of Dust {slice, Int+5} (You found it on level 10 of a ziggurat)
 87725 | Zig:11   | Entered Level 11 of a ziggurat
 87733 | Zig:11   | Noticed an ancient lich
 87733 | Zig:11   | Reached skill level 15 in Stealth
 87733 | Zig:11   | Killed an ancient lich
 87854 | Zig:12   | Entered Level 12 of a ziggurat
 87861 | Zig:12   | Reached skill level 10 in Transmutations
 87880 | Zig:12   | Identified Resodi's Compendium of Boosting Execration
 87893 | Zig:12   | Identified the Grimoire of the Poisonous Escort
 87960 | Zig:13   | Entered Level 13 of a ziggurat
 88031 | Zig:14   | Entered Level 14 of a ziggurat
 88073 | Zig:14   | Got a sparkling silver amulet
 88076 | Zig:14   | Identified the amulet of Lunuaw {Clar rPois MR- Str+2 Int+2} (You found it on level 14 of a ziggurat)
 88174 | Zig:15   | Entered Level 15 of a ziggurat
 88293 | Zig:15   | Identified the Papyrus of Fate (You found it on level 15 of a ziggurat)
 88293 | Zig:15   | Identified the Catalogue of Summoning (You found it on level 15 of a ziggurat)
 88439 | Zig:16   | Entered Level 16 of a ziggurat
 88445 | Zig:16   | Noticed a greater mummy
 88446 | Zig:16   | Noticed a greater mummy
 88448 | Zig:16   | Noticed a greater mummy
 88448 | Zig:16   | Noticed a greater mummy
 88449 | Zig:16   | Noticed a greater mummy
 88451 | Zig:16   | Noticed a greater mummy
 88453 | Zig:16   | Noticed a greater mummy
 88454 | Zig:16   | Noticed a greater mummy
 88455 | Zig:16   | Noticed a greater mummy
 88455 | Zig:16   | Killed a greater mummy
 88455 | Zig:16   | Killed a greater mummy
 88455 | Zig:16   | Killed a greater mummy
 88455 | Zig:16   | Killed a greater mummy
 88456 | Zig:16   | Killed a greater mummy
 88456 | Zig:16   | Killed a greater mummy
 88456 | Zig:16   | Killed a greater mummy
 88456 | Zig:16   | Killed a greater mummy
 88456 | Zig:16   | Killed a greater mummy
 88457 | Zig:16   | Noticed a greater mummy
 88460 | Zig:16   | Killed a greater mummy
 88490 | Zig:16   | Identified Nipuxocvy's Handbook of Creative Ice
 88501 | Zig:16   | Got a warped chain mail
 88512 | Zig:16   | Identified the +1 chain mail "Zayna" {rPois rN+} (You found it on level 16 of a ziggurat)
 88603 | Zig:16   | Identified the Guide on the Assistive Rocks
 88623 | Zig:17   | Entered Level 17 of a ziggurat
 88715 | Zig:17   | Got a steaming lapis lazuli ring
 88717 | Zig:17   | Identified the ring of Xammefet {MR+ Int+6} (You found it on level 17 of a ziggurat)
 88810 | Zig:18   | Entered Level 18 of a ziggurat
 88824 | Zig:18   | Noticed Metosh the pandemonium lord
 88830 | Zig:18   | Killed Metosh the pandemonium lord
 88830 | Zig:18   | Reached skill level 15 in Transmutations
 88859 | Zig:18   | Got a slimy scale mail
 88870 | Zig:18   | Identified the cursed +0 scale mail of Compression {rPois MP+9 Str+2} (You found it on level 18 of a ziggurat)
 88891 | Zig:18   | Lost mutation: You are robust (+10% HP). [helix card]
 88893 | Zig:18   | Gained mutation: Your system is resistant to poisons. [helix card]
 88978 | Zig:19   | Entered Level 19 of a ziggurat
 89002 | Zig:19   | HP: 4/238 [pearl dragon (24)]
 89003 | Zig:19   | Killed from afar by a pearl dragon

Dungeon Overview and Level Annotations

Branches:
Dungeon (15/15)            Temple (0/1) D:7            Lair (8/8) D:8
 Shoals (4/4) Lair:6        Snake (4/4) Lair:4        Slime (0/6) Lair:7
    Orc (4/4) D:11            Elf (3/3) Orc:3        Vaults (5/5) D:13
  Crypt (3/3) Vaults:2       Tomb (0/3) Crypt:3      Depths (5/5) D:15
    Zot (0/5) Depths:5

Altars:
Cheibriados
Elyvilon
Fedhas
Gozag
Kikubaaqudgha
Okawaru
Qazlal
Ru
Sif Muna
Trog
Vehumet
Zin
The Shining One
Beogh

Shops:
D:4 [   D:5 }   Orc:2 %}=}   Orc:3 }   Orc:4 ((=:   Shoals:2 [}:   Vaults:3 (*[
Vaults:5 !

Portals:
Hell: Depths:1 Depths:2 Depths:3 Depths:4 Depths:5
Abyss: Depths:4
Pandemonium: Depths:1 Depths:3

Annotations:
Elf:2 1 runed door


Message History

You block the angel's attack. x2
You block the pearl dragon's attack.
The pearl dragon claws you but does no damage.
The daeva completely misses you. The daeva hits you but does no damage.
The angel gestures.
The angel is healed somewhat.
The angel gestures.
The angel is healed somewhat.
The daeva calls down the wrath of the Shining One upon you.
Something smites you!
The ophan calls forth blessed flames!
The daeva calls down the wrath of the Shining One upon you.
Something smites you!
A chunk of your corpse armour falls away.
The daeva calls down the wrath of the Shining One upon you.
Something smites you!
The last of your corpse armour falls away.
You block the daeva's attack. The daeva completely misses you.
The pearl dragon bites you!!
The pearl dragon claws you but does no damage.
The pearl dragon bites you.
The pearl dragon completely misses you. 2 daevas and a cherub come into view.
Unknown command.
Use which ability? (? or * to list)
You step out of the flow of time.
You return to the normal time flow.
You feel somewhat less full.
The cherub's ox head lows!
The pearl dragon roars!
The cherub's lion head roars!
The angel shouts!
The angel shouts!
The angel shouts! x2
The pearl dragon roars!
The daeva shouts!
The ophan turns its gaze towards you.
The pearl dragon roars!
You hear a roar!
The angel shouts!
The angel shouts!
The daeva shouts!
You hear a shout!
You hear a roar!
You hear a shout!
You hear a shout!
You hear a roar!
The pearl dragon breathes holy energy at you.
The blast of cleansing flame engulfs the angel.
The angel appears unharmed.
The pearl dragon breathes holy energy at you.
The blast of cleansing flame engulfs you!
You die...

You could see 2 daevas, a pearl dragon, 5 angels, an ophan and 3 cherubim.

Vanquished Creatures
  4 orbs of fire (Zig:20)
  25 ancient liches
  9 greater mummies
  A shard shrike (Depths:4)
  Norris (Depths:3)
  4 caustic shrikes
  A curse toe (Zig:1)
  A Killer Klown (Zig:5)
  11 golden dragons
  Jory (Crypt:3)
  4 bone dragons
  A profane servitor (Zig:16)
  Xtahua (Depths:5)
  17 liches
  3 electric golems (Zig:9)
  2 Brimstone Fiends
  7 tentacled monstrosities
  Rupert (Orc:2)
  3 Hell Sentinels (Zig:18)
  7 quicksilver dragons
  Asterion (Snake:1)
  16 acid blobs
  The ghost of nht the Wrestler, a mighty HOFi of Okawaru (Snake:4)
  15 deep elf blademasters
  3 Ice Fiends
  26 deep elf master archers
  6 Shadow Fiends
  25 titans
  9 Executioners
  Gastronok (Lair:1)
  2 tentacled starspawn
  4 octopode crushers
  7 sphinxes
  2 thorn hunters (Zig:18)
  Agnes (Elf:2)
  3 storm dragons
  Kirke (Snake:2)
  A storm dragon (shapeshifter) (Vaults:4)
  8 shadow dragons
  20 ancient champions
  18 draconian monks
  23 revenants
  9 tengu reavers
  2 daevas (Zig:17)
  34 fire giants
  Ilsuiw (Shoals:4)
  Wiglaf (Depths:2)
  13 azure jellies
  21 frost giants
  6 deep elf sorcerers
  23 ghost moths
  62 greater nagas
  Maud (Lair:5)
  16 draconian knights
  6 balrugs
  Aizul (Vaults:1)
  3 cacodemons
  A warmonger (Pan)
  3 iron dragons
  13 draconian zealots
  A curse skull (Zig:11)
  A spectral caustic shrike (Zig:26)
  31 vault wardens
  7 emperor scorpions
  29 orc warlords
  11 ghouls
  7 draconian scorchers
  A caustic shrike zombie (Zig:11)
  71 stone giants
  10 draconian shifters
  A spriggan defender (Depths:4)
  15 reapers
  9 corrupters
  32 very ugly things
  10 draconian annihilators
  2 caustic shrike skeletons
  4 ophanim (Zig:19)
  29 ironheart preservers
  5 war gargoyles
  13 draconian callers
  18 vampire knights
  3 lorocyprocas
  11 apis (Zig:19)
  2 chaos champions
  5 black draconians
  7 purple draconians
  25 deep elf annihilators
  4 bennus
  11 green draconians
  28 deep elf demonologists
  8 white draconians
  10 yellow draconians
  16 rakshasas
  3 blood saints (Zig:18)
  27 large abominations
  9 mottled draconians
  3 black suns (Zig:18)
  3 dire elephants
  7 red draconians
  11 eidola
  26 ettins
  2 blizzard demons
  12 merfolk javelineers
  28 deep elf death magi
  5 green deaths
  11 mummy priests
  31 vault guards
  28 deep elf high priests
  6 death oozes
  12 fire dragons
  23 great orbs of eyes
  15 jiangshi
  10 merfolk impalers
  11 entropy weavers
  34 yaktaur captains
  Harold (Orc:3)
  A quicksilver dragon skeleton (Zig:21)
  22 hydras
  46 naga warriors
  11 ice dragons
  8 catoblepae
  14 death knights
  The ghost of 4thArraOfDagon the Basher, a powerful HuHu of Cheibriados (D:13)
  4 spriggan air magi
  A monstrous demonspawn (Pan)
  5 merfolk avatars
  An alligator (Zig:26)
  17 ogre magi
  23 dancing weapons
  21 anacondas
  5 alligator snapping turtles
  6 merfolk aquamancers
  A ghost crab (shapeshifter) (Vaults:2)
  A spectral human (Vaults:2)
  4 deep troll shamans
  A satyr (Shoals:4)
  12 death yaks
  23 centaur warriors
  11 deep troll earth magi
  6 salamander stormcallers
  A satyr (shapeshifter) (Vaults:1)
  3 thrashing horrors
  The ghost of Zebura the Destroyer, a powerful TeCj of Makhleb (Lair:1)
  2 titan zombies
  25 orc high priests
  6 tengu warriors
  6 hell beasts
  4 spriggan berserkers
  12 sun demons
  42 naga sharpshooters
  A fire crab (shapeshifter) (Zig:25)
  8 small abominations
  4 storm dragon zombies
  11 vampire magi
  4 titan skeletons
  8 soul eaters
  A hell hog (Zig:22)
  44 deep elf knights
  A wretched star (Zig:15)
  An iron troll (shapeshifter) (Zig:4)
  30 shock serpents
  19 death scarabs
  14 iron trolls
  An unseen horror (shapeshifter) (Vaults:3)
  10 salamander mystics
  14 shadow wraiths
  4 gelid demonspawn
  4 swamp dragons
  28 skeletal warriors
  4 fire crabs
  3 hell knights
  A putrid demonspawn (Pan)
  3 golden dragon zombies
  8 ice devils
  24 phantasmal warriors
  5 shadow demons
  6 sea snakes
  A wizard (Depths:3)
  30 naga ritualists
  8 necromancers
  6 cherubim (Zig:19)
  3 unseen horrors
  5 ice statues
  14 flayed ghosts
  20 hill giants
  2 golden dragon skeletons
  An anaconda zombie (Crypt:3)
  8 anubis guards
  2 sphinx zombies
  The ghost of PhazeDK the Insei, an experienced OpTm of Ashenzari (D:6)
  A hill giant (shapeshifter) (Depths:1)
  29 deep elf summoners
  A torturous demonspawn (Pan)
  18 harpies
  2 shadow dragon zombies (Zig:21)
  20 deep trolls
  25 deep elf conjurers
  4 tengu zombies
  23 orb spiders
  12 fauns
  5 iron dragon zombies
  27 ironbrand convokers
  8 griffons
  77 ugly things
  A manticore (shapeshifter) (Depths:2)
  30 wolf spiders
  3 shining eyes
  3 frost giant zombies
  A salamander (shapeshifter) (D:14)
  2 sphinx skeletons
  3 shadow dragon skeletons
  3 human zombies
  26 moths of wrath
  3 oklob plants
  36 orc knights
  26 salamanders
  11 draconian zombies
  16 manticores
  16 sixfirhies
  A worldbinder (Zig:17)
  26 cyclopes
  25 vault sentinels
  27 hornets
  21 orc sorcerers
  A hornet (shapeshifter) (Depths:4)
  20 mana vipers
  10 water nymphs
  13 rust devils
  7 eyes of devastation
  11 sirens
  A titan simulacrum (Depths:4)
  21 smoke demons
  Maurice (D:12)
  115 black mambas
  13 elephants
  2 iron dragon skeletons
  2 elephants (shapeshifter)
  37 naga magi
  3 frost giant skeletons
  A stone giant skeleton (Zig:7)
  2 drowned souls (Shoals:1)
  23 guardian serpents
  2 fire giant skeletons (Zig:11)
  5 elf zombies
  An octopode (shapeshifter) (Vaults:4)
  3 torpor snails
  3 apocalypse crabs
  2 gargoyles
  A guardian serpent (shapeshifter) (Vaults:4)
  An orange crystal statue (D:13)
  5 efreet
  A fire drake (shapeshifter) (D:14)
  20 spiny frogs
  2 yaktaurs (shapeshifter)
  A kobold demonologist (D:13)
  4 spriggan zombies
  17 demonic crawlers
  A green draconian zombie (Zig:20)
  12 hellions
  3 mottled draconian zombies
  23 komodo dragons
  A red draconian zombie (Zig:20)
  An emperor scorpion zombie (Crypt:3)
  7 orange demons
  28 guardian mummies
  7 tormentors
  109 yaktaurs
  A redback zombie (D:13)
  8 fire drakes
  11 red devils
  An entropy weaver zombie (Crypt:3)
  A pale draconian skeleton (Crypt:3)
  13 blue devils
  6 tengu conjurers
  3 wandering mushrooms (Zig:17)
  4 ancient zymes
  22 jumping spiders
  3 spriggan skeletons
  7 polar bears (Lair:8)
  27 deep elf priests
  3 spriggan druids
  2 wind drakes
  26 merfolk
  8 hellwings
  A tengu simulacrum (Vaults:2)
  3 boulder beetles (shapeshifter)
  A blink frog (shapeshifter) (Zig:23)
  Prince Ribbit (D:5)
  18 two-headed ogres
  A minotaur skeleton (Volcano)
  A troll (shapeshifter) (Vaults:3)
  14 trolls
  17 ravens
  28 freezing wraiths
  A giant leech (Zig:7)
  A removed MONS_BABY_ALLIGATOR (shapeshifter) (Vaults:4)
  2 bog bodies
  10 shadows
  16 flying skulls
  8 raiju
  9 ushabtiu
  19 blink frogs
  2 ice dragon zombies
  17 boulder beetles
  68 slime creatures
  A trapdoor spider (shapeshifter) (Depths:4)
  9 snapping turtles
  A redback (shapeshifter) (Depths:1)
  27 wraiths
  A tarantella (shapeshifter) (Vaults:4)
  20 tarantellas
  19 trapdoor spiders
  An ice dragon skeleton (Zig:3)
  7 ynoxinuls
  Sigmund (D:3)
  94 yaks
  An ettin skeleton (Crypt:1)
  A fire dragon skeleton (Zig:3)
  26 water elementals
  16 spriggans
  A satyr skeleton (Crypt:2)
  2 frost giant simulacra
  43 redbacks
  5 basilisks
  A black mamba zombie (Crypt:3)
  An elf simulacrum (Depths:4)
  10 chaos spawn
  5 wyverns
  4 air elementals
  71 deep elf fighters
  44 vampires
  59 deep elf magi
  22 hippogriffs
  25 vampire mosquitoes
  3 golden eyes
  A hog (Snake:2)
  A mottled dragon (Vaults:2)
  A steam dragon (D:11)
  5 hungry ghosts
  11 neqoxecs
  5 elf skeletons
  2 hill giant skeletons (Volcano)
  28 wolves
  95 nagas
  Edmund (D:5)
  14 wargs
  A spiny frog zombie (Crypt:1)
  2 insubstantial wisps
  A soldier ant (shapeshifter) (Vaults:2)
  An orb spider zombie (Crypt:3)
  35 water moccasins
  4 swamp drakes
  3 hell hounds
  4 merfolk skeletons
  20 ice beasts
  16 porcupines
  4 deep troll skeletons
  A tengu skeleton (Zig:2)
  6 sky beasts
  An ice beast (shapeshifter) (Vaults:5)
  2 centaurs (shapeshifter)
  19 eyes of draining
  10 black bears
  65 ogres
  96 orc warriors
  8 wasps
  5 phantoms
  3 boggarts (Depths:3)
  29 centaurs
  6 necrophages
  2 ettin simulacra
  4 removed MONS_BORING_BEETLEs
  15 spiders
  2 manticore skeletons
  A fire drake zombie (Crypt:2)
  4 lost souls
  21 crocodiles
  3 big kobolds
  A dryad zombie (Crypt:3)
  2 gnoll sergeants
  A salamander zombie (Crypt:1)
  2 wyvern zombies
  A brain worm (D:8)
  A fire crab zombie (Crypt:1)
  23 giant frogs
  A queen bee zombie (Crypt:1)
  5 scorpions
  A raiju zombie (Crypt:1)
  19 wights
  18 killer bees
  A water moccasin skeleton (D:10)
  10 centaur zombies
  A polar bear skeleton (Crypt:1)
  An electric eel (Lair:5)
  A goliath beetle (Elf:3)
  An iron imp (Depths:1)
  2 human simulacra
  44 jellies
  2 quasits (Depths:3)
  11 crimson imps
  23 starcursed masses
  6 centaur skeletons
  A draconian simulacrum (IceCv)
  A demonspawn zombie (Crypt:1)
  A gnoll shaman (D:10)
  A human skeleton (Crypt:1)
  45 orc priests
  A worker ant (shapeshifter) (Vaults:5)
  Jessica (D:2)
  3 giant frog skeletons
  8 hounds
  55 orc wizards
  2 troll simulacra (IceCv)
  A two-headed ogre skeleton (Volcano)
  7 worker ants
  10 iguanas
  A porcupine skeleton (Crypt:1)
  11 hell rats
  3 spriggan simulacra
  A centaur simulacrum (IceCv)
  A deep dwarf zombie (Crypt:3)
  20 sheep
  A crocodile skeleton (Crypt:3)
  A big kobold zombie (Crypt:2)
  2 ogre skeletons (Volcano)
  2 hound skeletons
  A hound zombie (D:10)
  56 mummies
  19 gnolls
  5 naga simulacra (IceCv)
  10 adders
  95 river rats
  8 shadow imps
  4 white imps
  12 ufetubi
  An ooze (D:1)
  An adder skeleton (D:8)
  A halfling skeleton (Crypt:2)
  A worm (D:2)
  A lava snake skeleton (Crypt:1)
  407 orcs
  3 ball pythons
  21 bats
  4 bat skeletons
  A bat zombie (D:5)
  10 giant cockroaches
  64 goblins
  46 hobgoblins
  6 jackals
  32 kobolds
  5 quokkas
  5 giant geckos
  A giant gecko zombie (D:9)
  4 giant newts
  A giant spore (D:6)
  A quokka skeleton (D:6)
  A quokka zombie (D:5)
  15 rats
  25 ballistomycetes
  34 briar patches (Zig:18)
  3 bushes (Zig:18)
  17 crawling corpses
  A fungus (Elf:1)
  7 plants
5802 creatures vanquished.

Vanquished Creatures (collateral kills)
  4 orbs of fire (Zig:20)
  An ancient lich (Zig:11)
  3 greater mummies (Zig:16)
  2 pandemonium lords
  2 shard shrikes (Zig:10)
  3 curse toes (Zig:17)
  A caustic shrike (Zig:19)
  A profane servitor (Zig:15)
  4 bone dragons
  2 hellephants (Zig:19)
  2 Brimstone Fiends (Zig:18)
  5 Ice Fiends
  A Hell Sentinel (Pan)
  2 titans (Zig:9)
  8 tentacled monstrosities
  6 Shadow Fiends
  4 acid blobs
  An Executioner (Pan)
  2 thorn hunters (Zig:26)
  2 ancient champions
  3 octopode crushers (Zig:26)
  9 tentacled starspawn
  3 greater nagas (Zig:26)
  A draconian monk (Zig:22)
  A frost giant (Zig:10)
  2 draconian knights (Zig:10)
  2 fire giants (Zig:20)
  7 ghost moths
  3 cacodemons (Zig:18)
  7 curse skulls
  2 balrugs (Pan)
  2 caustic shrike zombies
  7 reapers
  2 ghouls (Zig:11)
  3 rakshasas
  2 very ugly things (Zig:22)
  2 vampire knights
  3 bennus (Zig:16)
  A green death (Zig:18)
  2 corrupters
  5 blizzard demons
  2 merfolk javelineers (Zig:26)
  A deep elf death mage (Zig:22)
  A death ooze (Zig:15)
  5 eidola
  A fire dragon (Zig:20)
  A jiangshi (Zig:11)
  An ice dragon (Zig:10)
  2 hydras
  A quicksilver dragon skeleton (Zig:17)
  A spriggan air mage (Zig:9)
  2 great orbs of eyes
  A monstrous demonspawn (Pan)
  2 catoblepae (Zig:19)
  4 thrashing horrors
  3 merfolk aquamancers (Zig:26)
  A vampire mage (Zig:13)
  2 soul eaters
  A titan skeleton (Zig:21)
  9 wretched stars
  A death scarab (Zig:16)
  3 skeletal warriors
  A sun demon (Pan)
  3 storm dragon zombies
  2 unseen horrors (Zig:22)
  3 shadow wraiths
  A hell beast (Zig:18)
  A storm dragon skeleton (Zig:17)
  2 ice devils (Zig:10)
  A swamp dragon (Zig:26)
  2 spatial maelstroms
  7 flayed ghosts
  2 giant orange brains
  10 shadow demons
  A death drake (Zig:17)
  A shambling mangrove (Zig:26)
  A tengu zombie (Zig:21)
  2 golden dragon skeletons
  2 shining eyes
  An iron dragon zombie (Zig:21)
  5 phantasmal warriors
  A griffon (Zig:19)
  2 deathcaps (Zig:17)
  2 sphinx zombies (Zig:17)
  6 orb spiders
  3 moths of wrath
  A shadow dragon skeleton (Zig:16)
  A mana viper (Zig:26)
  4 sixfirhies
  2 ugly things (D:14)
  3 iron dragon skeletons
  A wolf spider (Zig:27)
  26 large abominations
  4 black mambas
  3 hornets
  A rust devil (Zig:22)
  A titan simulacrum (Zig:15)
  A spriggan zombie (Zig:17)
  2 spiny frogs
  A storm dragon simulacrum (Zig:11)
  3 apocalypse crabs
  13 smoke demons
  4 guardian serpents (Zig:26)
  2 spriggan skeletons (Zig:17)
  2 orange demons
  4 demonic crawlers
  2 komodo dragons (Zig:19)
  3 tormentors
  10 efreet (Zig:20)
  5 red devils
  7 ancient zymes
  A jumping spider (Zig:27)
  5 fire drakes
  6 hellwings (Pan)
  8 freezing wraiths
  2 guardian mummies (Zig:16)
  2 wandering mushrooms (Zig:17)
  2 hellions
  3 silent spectres
  2 blue devils
  A tengu simulacrum (Zig:16)
  A wind drake (Zig:26)
  2 fire giant simulacra (Zig:10)
  A sphinx simulacrum (Zig:10)
  2 ravens (Zig:26)
  6 slime creatures
  4 vampires
  2 air elementals
  A yak (Zig:19)
  5 raiju
  2 snapping turtles (Zig:26)
  7 wraiths
  9 shadows
  5 ynoxinuls
  2 trapdoor spiders
  6 redbacks
  3 elf zombies (Zig:17)
  13 flying skulls
  A spriggan simulacrum (Zig:15)
  A tarantella (Zig:27)
  8 fire elementals (Zig:20)
  4 elf skeletons (Zig:17)
  A hungry ghost (Zig:17)
  A vampire mosquito (Zig:26)
  4 chaos spawn
  A golden eye (Zig:15)
  2 hippogriffs (Zig:19)
  8 neqoxecs
  A spatial vortex (Zig:22)
  3 small abominations
  4 insubstantial wisps
  A spider (Zig:27)
  7 hell hounds
  2 eyes of draining
  An ice beast (Zig:10)
  6 necrophages
  A crocodile (Zig:19)
  A human simulacrum (Zig:10)
  A glowing shapeshifter simulacrum (Zig:16)
  3 wights
  2 quasits
  7 jellies
  8 starcursed masses
  An iron imp (Zig:17)
  A lightning spire (Zig:13)
  5 mummies
  11 shadow imps
  2 white imps
  4 ufetubi (Pan)
  3 lurking horrors (Zig:22)
  8 starspawn tentacles
  5 starspawn tentacle segments
560 creatures vanquished.

Vanquished Creatures (others)
  A deep elf blademaster (Zig:24)
  A storm dragon (Zig:24)
  3 fire giants
  A balrug (Depths:4)
  A draconian zealot (Zig:20)
  A large abomination (Vaults:4)
  A bennu (Zig:16)
  A blood saint (Pan)
  A deep elf death mage (Zig:26)
  A fire dragon (Zig:20)
  A vault guard (Vaults:4)
  A deep elf high priest (D:14)
  A rakshasa (Zig:20)
  An ogre mage (Vaults:1)
  A small abomination (Vaults:4)
  A hell beast (Pan)
  A shock serpent (Zig:22)
  2 deep elf knights
  An ironbrand convoker (Vaults:4)
  A deep elf conjurer (Elf:1)
  A griffon (Vaults:2)
  A hornet (Zig:14)
  2 harpies
  An ugly thing (Vaults:3)
  4 air elementals
  A guardian serpent (Zig:21)
  A manticore (Zig:26)
  22 drowned souls (Shoals:1)
  A black mamba (Zig:21)
  2 yaktaurs
  A fire drake (Zig:20)
  2 water elementals (Zig:13)
  2 fire elementals
  2 deep elf magi
  A redback (Vaults:4)
  3 deep elf fighters
  A chaos spawn (Zig:17)
  A hippogriff (Zig:8)
  4 humans (Snake:2)
  A wolf (Zig:19)
  A naga (Snake:2)
  A wasp (Zig:27)
  An ogre (Vaults:5)
  A centaur (Vaults:2)
  15 lost souls
  2 jellies (Zig:23)
  A hell rat (Depths:4)
  An orc (Vaults:1)
  4 giant spores (D:13)
  2 briar patches (Zig:26)
  2 bushes
  2 crawling corpses
  19 fungi
  13 plants
  66 singularities
  18 starspawn tentacles
  132 starspawn tentacle segments
358 creatures vanquished.

Grand Total: 6720 creatures vanquished

Action                   |  1- 3 |  4- 6 |  7- 9 | 10-12 | 13-15 | 16-18 | 19-21 | 22-24 | 25-27 || total
-------------------------+-------+-------+-------+-------+-------+-------+-------+-------+-------++-------
Melee: Whip              |   141 |   197 |   639 |   816 |       |       |       |       |       ||  1793
       Flail             |       |       |    14 |   514 |  2393 |   775 |       |       |       ||  3696
       Dire flail        |       |       |       |       |       |  1011 |       |       |       ||  1011
       Lajatang          |       |       |       |       |       |   190 |  1932 |  1831 |  4253 ||  8206
       Great mace        |       |       |       |       |       |   126 |       |       |       ||   126
 Fire: Blowgun           |       |     9 |    19 |    15 |       |       |       |       |       ||    43
Throw: Javelin           |       |     3 |     7 |    11 |     8 |       |       |       |       ||    29
       Throwing net      |       |     1 |     2 |     2 |     3 |       |       |       |       ||     8
 Cast: Corona            |     5 |       |       |     1 |     2 |       |       |       |       ||     8
       Slow              |     2 |       |       |       |       |       |       |       |       ||     2
       Repel Missiles    |       |       |       |       |       |     4 |    13 |    11 |    14 ||    42
       Flight            |       |       |       |       |       |       |     3 |     3 |     2 ||     8
       Shatter           |       |       |       |       |       |       |       |       |   270 ||   270
       Iron Shot         |       |       |       |       |       |       |       |       |     3 ||     3
       Singularity       |       |       |       |       |       |       |       |       |    81 ||    81
       Cigotuvi's Embrac |       |       |       |       |       |       |       |       |    25 ||    25
       Necromutation     |       |       |       |       |       |       |       |       |    19 ||    19
Invok: Bend Time         |       |       |       |     1 |       |       |       |       |       ||     1
       Slouch            |       |       |       |     2 |    25 |    19 |    29 |    14 |    60 ||   149
       Step From Time    |       |       |       |       |     1 |       |       |       |     5 ||     6
       Temporal Distorti |       |       |       |       |       |     1 |     2 |     6 |       ||     9
 Abil: Dig               |       |       |       |     7 |     9 |    10 |    13 |       |     3 ||    42
       End Transformatio |       |       |       |       |       |       |       |       |     5 ||     5
Evoke: Wand              |       |       |     9 |       |     2 |       |    19 |     7 |     3 ||    40
       Rod               |       |       |       |       |    18 |     3 |       |       |       ||    21
       Lamp of fire      |       |       |       |       |     1 |     1 |       |       |     2 ||     4
       Fan of gales      |       |       |       |       |       |       |     1 |       |     3 ||     4
       Deck              |       |       |       |       |       |       |       |       |    41 ||    41
       Phial of floods   |       |       |       |       |       |       |       |       |     2 ||     2
  Use: Scroll            |       |     8 |    10 |     5 |    20 |     9 |     9 |    10 |   113 ||   184
       Potion            |       |     1 |       |     4 |    11 |       |     9 |     2 |    70 ||    97
 Stab: Sleeping          |     1 |       |       |       |       |       |       |       |       ||     1
       Confused          |       |       |     2 |       |       |       |       |       |       ||     2
       Invisible         |       |       |       |     4 |       |       |       |       |     6 ||    10
       Held in net/web   |       |       |       |       |     3 |       |       |       |       ||     3
       Distracted        |       |       |       |       |       |     1 |       |       |    16 ||    17
  Eat: Chunk             |     4 |     6 |    22 |    14 |    29 |    40 |    16 |    54 |    20 ||   205
       Pizza             |       |       |       |     1 |     1 |     1 |     2 |       |       ||     5
       Beef jerky        |       |       |       |       |       |     1 |     2 |     3 |     5 ||    11
       Fruit             |       |       |       |       |       |     8 |    14 |       |       ||    22
       Meat ration       |       |       |       |       |       |       |     1 |     1 |    12 ||    14
       Bread ration      |       |       |       |       |       |       |       |       |     1 ||     1

Vault maps used:
D:1:      dpeg_arrival_morbid_curiosity
D:2:      grunt_ministairs_6, uniq_jessica
D:3:      lemuel_round_altar, first_bread, grunt_qazlal_sundering, uniq_sigmund
D:4:      serial_glass, glass_columns_a, glass_columns_b, serial_shops,
          kennysheep_mini_moat, hangedman_decor_growths, serial_bayou_pond_c
D:5:      serial_shops, shop
D:6:      gammafunk_temple_overflow_pools, nicolae_gozag_seed_capital,
          uniq_edmund, uniq_prince_ribbit1
D:7:      nicolae_ru_awakened_eye, lemuel_round_altar,
          minmay_temple_entry_trees, minmay_misc_feat_four_crosses
D:8:      lair_0_dummy, hangedman_pestilent_swarm, okawaru_altar_gauntlet_db
D:9:      kennysheep_little_box
D:11:     minmay_orc_entry_guard_dogs, portal_ice_cave_entry_ice_beasts
D:12:     uniq_maurice
D:13:     david_vaults_5, minivault_16, hangedman_decor_clover_reticule,
          hangedman_feature_mirror
D:14:     minmay_two_paths, hex_intersection
D:15:     grunt_enter_depths_giant_problem, elyvilon_altar_5, evilmike_butchery
Lair:1:   serial_bayou_pond_e, uniq_gastronok
Lair:3:   cheibrodos_lair_caveside_slide, grunt_forest_stairs_basic,
          hangedman_lair_unloving_vines
Lair:4:   minmay_snake_entry_guardpost_large, spider_nest_entry_funnel_web
Lair:5:   grunt_megastairs_2, serial_bayou_shore_a, lemuel_fruit_tree, uniq_maud
Lair:6:   elwin_shoals_entry_rooms
Lair:7:   slime_dummy, serial_bayou_lagoon_b
Lair:8:   minmay_lair_end_enchanted_forest, minivault_27, lemuel_oklob_altar,
          infiniplex_staircase_pool_2, grunt_megastairs_4, serial_bayou_shore_b,
          lemuel_fruit_fields
Shoals:1: nicolae_shoals_siren_and_animal_friends
Shoals:2: serial_shops, shop, nicolae_shop_stone, shop_fountains
Shoals:4: shoals_end_simple, shoals_ilsuiw_alternative
Snake:1:  uniq_asterion
Snake:2:  uniq_kirke
Snake:4:  grunt_snake_rune_spirals, st_stairs_13
Orc:1:    mines1_david
Orc:2:    serial_shops, nicolae_shop_trees, shop, shop,
          nicolae_shop_behind_doors, uniq_rupert
Orc:3:    serial_shops, shop_fountains, basic_altar, nicolae_orc_pool_cavern,
          uniq_harold
Orc:4:    st_orc_elflike, nicolae_volcano_entry_lava_flow
Elf:1:    eino_elf_arrival_customs, minivault_28, nicolae_wwwww
Elf:2:    uniq_agnes
Elf:3:    minmay_elf_hall_circle, einodemon_crawler_minivault
Vaults:1: nicolae_vaults_what_the_h, ontoclasm_vaults_bender,
          hangedman_vaults_slither, vaults_room_boxed,
          dpeg_vaults_pockets_of_resistance, hangedman_vaults_variations,
          vaults_room_hallway, nicolae_vaults_yaktaur_gun_rack,
          nicolae_vaults_little_squares_6, vaults_room_pools,
          nicolae_vaults_shelves_hall, hangedman_vaults_trim, v_misc_15,
          basic_altar, uniq_aizul
Vaults:2: minmay_crypt_entry_simple_statues, vaults_room_guarded_vault,
          nicolae_vaults_rhombus_6, vaults_room_grunt_arrival_ludios,
          hangedman_vaults_cutoff, hangedman_vaults_trim, v_misc_25,
          nicolae_vaults_alarming, grunt_vaults_diagonal,
          dpeg_vaults_monster_box, vaults_room_stairs_pillars
Vaults:3: nicolae_vaults_puzzle_piece, v_misc_2,
          nicolae_vaults_twisting_passages, ontoclasm_vaults_spin,
          hangedman_vaults_restitches, nicolae_vaults_circle_grid_a,
          kennysheep_vaults_gozag_temple, vaults_room_corners, vaults_room_grid,
          ontoclasm_vaults_twist, ontoclasm_vaults_loading_screen
Vaults:4: hangedman_vaults_stretched_pinwheel, grunt_vaults_funnel, v_misc_18,
          vaults_room_hallway, vaults_room_fancy_cross,
          nicolae_vaults_good_morning_starshine,
          nicolae_vaults_little_squares_1, v_alt_pattern_2, v_alt_pattern_1,
          hangedman_vaults_corner, ontoclasm_vaults_shuriken,
          vaults_room_door_ring, vaults_room_corners,
          nicolae_vaults_shelves_hall
Crypt:1:  minmay_misc_feat_five, grunt_crypt_arrival_guarded_gate,
          roderic_lattice_octagonal_star
Crypt:3:  due_elkab, grunt_ministairs_6
Depths:1: minmay_parallelograms, rand_demon_pan_entry_5, hell_entry,
          evilmike_minifort
Depths:2: evilmike_iron_armoury, hell_entry, hangedman_abyss_or_decor_clamps,
          minivault_12
Depths:3: minmay_distorted_concentric_squares, enter_ziggurat_e,
          roderic_curled_sauvastika, grunt_pan_entry_in_and_out, hell_entry,
          minmay_crystal_room, uniq_norris
Depths:4: grunt_profane_halls, hell_entry, abyss_entry
Depths:5: grunt_crosshair, kennysheep_doodads, pf_coc_iceberg, uniq_xtahua
Pan:      lemuel_hall_of_pain, enter_ziggurat_pan_a, grunt_pan_sceptre,
          pan_blood_fountain, evilmike_mini_pan_3x3, enter_ziggurat_pan_a,
          nicolae_pan_sigil_itan
Zig:6:    ziggurat_pillar_centre_c
Zig:7:    ziggurat_pillar_centre_k
Zig:9:    ziggurat_loot_2
Zig:11:   ziggurat_loot_1
Zig:14:   ziggurat_pillar_centre_dead_trees
Zig:15:   ziggurat_loot_3
Zig:17:   ziggurat_pillar_centre_oklobs
Zig:18:   ziggurat_pillar_centre_more_plants
Zig:20:   ziggurat_pillar_centre_drop
Zig:23:   ziggurat_loot_1
Zig:24:   ziggurat_pillar_centre_smoke
IceCv:    ice_cave_tombish
Volcano:  volcano_tomb
